 Dungeon Crawl Stone Soup version 0.31-a0-978-g1e143483b6 (webtiles) character file.

Game seed: 16580733586179025436

22 Dirtsage the Ruffian (level 2, -1/18 HPs)
             Began as an Octopode Shapeshifter on Oct 30, 2023.
             Slain by a worm (8 damage)
             ... on level 2 of the Dungeon.
             The game lasted 00:01:44 (897 turns).

Dirtsage the Ruffian (Octopode Shapeshifter)         Turns: 897, Time: 00:01:45

Health: -1/18      AC:  1    Str: 13    XL:     2   Next: 91%
Magic:  2/2        EV: 13    Int: 12    God:
Gold:   63         SH:  0    Dex: 11    Spells: 1/1 levels left

rFire   . .          .
                       - Unarmed
rCold   . . .        (no shield)
rNeg    . . .        (helmet currently unavailable)
rPois   .            (no amulet)
rElec   .            (no ring)
rCorr   .            (no ring)
SInv    .            (no ring)
Will    .....        (no ring)
Stlth   ++           (no ring)
HPRegen 0.23/turn    (no ring)
MPRegen 0.08/turn    (no ring)
                     (no ring)

%: no passive effects
@: beast-form
A: beast (slay +1), almost no armour, amphibious, 8 rings, camouflage 1,
gelatinous body 1, (nimble swimmer 1), tentacles
a: Begin Untransformation


You were on level 2 of the Dungeon.
You were a hulking beast.
You visited 1 branch of the dungeon, and saw 2 of its levels.

You collected 63 gold pieces.

Inventory:

Talismans
 b - a beast talisman
 c - a flux talisman
Scrolls
 d - a scroll of identify {unknown}
 e - 2 scrolls of blinking {unknown}
 g - a scroll of torment {unknown}
 h - a scroll of noise {unknown}
 i - a scroll of revelation {unknown}
 j - a scroll of amnesia {unknown}
 l - 2 scrolls of enchant weapon {unknown}
Potions
 a - a potion of lignification
 f - a potion of resistance {unknown}
 k - 2 potions of attraction {unknown}
 m - 2 potions of curing {unknown}


   Skills:
 + Level 1.4 Fighting
 - Level 2.0 Dodging
 * Level 3.4 Unarmed Combat
 * Level 3.3 Shapeshifting


You had one spell level left.
You didn't know any spells.
Your spell library was empty.

Dungeon Overview and Level Annotations

Branches:
Dungeon (2/15)

Altars:


Innate Abilities, Weirdness & Mutations

You are a hulking beast.
Your limbs bulge with bestial killing power. (Slay +1)
You cannot wear most types of armour.
You are amphibious.
You can wear up to eight rings at the same time.
Your skin changes colour to match your surroundings (Stealth+).
Your rubbery body absorbs attacks. (AC +1, EV +1)
((You are camouflaged when in or above water. (Stealth+)))
You have tentacles for arms and can constrict up to eight enemies at once.


Message History

The ball python constricts you.
You take 1 damage, and have 12/18 hp.
You tentacle-slap the ball python.
You kill the ball python!
You swing at nothing.
You closely miss the kobold. Your grab misses the kobold.
Your tentacle-slap misses the kobold.
The kobold barely misses you.
You bludgeon the kobold!
You kill the kobold!
You closely miss the hobgoblin. You grab the hobgoblin.
You constrict the hobgoblin. The hobgoblin hits you.
You take 4 damage, and have 9/18 hp.
MASSIVE DAMAGE!!
You tentacle-slap the hobgoblin.
You kill the hobgoblin!
You swing at nothing.
Items here: ( ) †††.
You now have 52 gold pieces (gained 13).
You now have 58 gold pieces (gained 6).
l - 2 scrolls labelled SYULOACIEF Health restored: 18
m - 2 inky potions You now have 63 gold pieces (gained 5).
Items here: ( ) †††.
Done exploring.
Done exploring.
There is a stone staircase leading down here.
You climb downwards.
There is a stone staircase leading up here.
A worm is nearby!
You tentacle-slap the worm. You grab the worm.
The worm is moderately wounded.
You constrict the worm. The worm bites you!
Ouch! That really hurt!
You take 11 damage, and have 7/18 hp.
MASSIVE DAMAGE!!
You are too injured to fight recklessly!
You are too injured to fight recklessly!
You barely miss the worm. You squeeze the worm!
The worm is almost dead.
You constrict the worm. The worm bites you!
You die...

#...####
#......#
......# ##
.....#
...##....#
.......#
#..w.#
#..h.#
#....#
#....#
#..<.#
#....#
#....#
+....#
#....#
###+##


You could see a worm.

Vanquished Creatures
  2 ball pythons (D:1)
  2 endoplasms (D:1)
  3 giant cockroaches (D:1)
  A goblin (D:1)
  2 hobgoblins (D:1)
  3 jackals (D:1)
  A quokka (D:1)
  2 bats (D:1)
  A frilled lizard (D:1)
  A kobold (D:1)
  A rat (D:1)
19 creatures vanquished.

Notes
Turn   | Place    | Note
-------+----------+-------------------------------------------
     0 | D:1      | Dirtsage the Octopode Shapeshifter began the quest for the
                  | Orb.
     0 | D:1      | Reached XP level 1. HP: 13/13 MP: 1/1
   315 | D:1      | Reached XP level 2. HP: 18/18 MP: 2/2
   892 | D:2      | Identified the "Mali"
   897 | D:2      | Slain by a worm

Illustrated notes

Levels and vault maps discovered:
D:1:      mrwooster_arrival_arrow, layout_loops_corners, serial_bayou_pond_a,
          hex_large, minmay_three_crescents
D:2:      layout_basic, ebering_ecumenical_altar_abandoned,
          minmay_misc_feat_secret_circle, uniq_natasha

Action                     || total
---------------------------++-------
  Melee: Unarmed           ||    38
         Constrict         ||    13
         Tentacles         ||     7
         Punch             ||     1
   Stab: Sleeping          ||     5
 Armour: Skin              ||    18
  Dodge: Dodged            ||    15

Table legend: (Time is in decaauts)
 A = Elapsed time spent in this place.
 B = Non-inter-level travel time spent in this place.
 C = Inter-level travel time spent in this place.
 D = Time resting spent in this place.
 E = Time spent auto-exploring this place.
 F = Levels seen in this place.
 G = Mean time per level.
                   A        B        C        D        E       F      G
               +--------+--------+--------+--------+--------+-----+--------+
         Total |    894 |    888 |      6 |      0 |    778 |   2 |  447.0 |
       Dungeon |    894 |    888 |      6 |      0 |    778 |   2 |  447.0 |
               +--------+--------+--------+--------+--------+-----+--------+

Top non-repeatable levels by time:
     D:1: 889 daAuts
     D:2: 4 daAuts
